cohdb
Replays
Latest Replays
All Replays
Popular Replays
Top Player Replays
Match Explorer
How It Works
Community
CoH3 Stats
Reddit
Sign in to upload your games and track your stats! →
Sign in with Steam
Match 42023725
Unlisted
Match 42023725
Overview
Messages
Build Orders
End
Kradschützen Motorcycle Team
Panzerpioneer Squad
Panzerpioneer Squad
250 Light Carrier
Construct Light Support Kompanie
Selects Armored Support Battlegroup
MG34 Team
MG34 Team
2.5-tonne Medical Truck
Panzerjäger Mechanized Group
Fire Support Elements
Panzerjäger Squad
Combat Half-tracks
Pak 38 Anti-tank Gun Team
Flakvierling Half-track
Selects Superior Fire Drills
Panzerjäger Mechanized Group
Construct Panzerarmee Kommand
Selects Flammpanzer III Medium Tank
Selects Command Panzer IV F Medium Tank
Flammpanzer III Medium Tank
Kradschützen Motorcycle Team
MG34 Team
UH|dun! ツ
Gothboiphet
0
0
Comments
sign in to comment!
No comments posted yet!